 Dungeon Crawl Stone Soup version 0.31-a0-7-g51783674b7 (webtiles) character file.

Game seed: 9432185548596440532

10 Darkkill the Shooter (level 2, -1/25 HPs)
             Began as a Minotaur Hunter on May 5, 2023.
             Slain by a frilled lizard (2 damage)
             ... on level 1 of the Dungeon.
             The game lasted 00:00:39 (247 turns).

Darkkill the Shooter (Minotaur Hunter)               Turns: 247, Time: 00:00:39

Health: -1/25      AC:  3    Str: 15    XL:     2   Next: 10%
Magic:  1/1        EV: 12    Int:  6    God:
Gold:   40         SH:  0    Dex: 13    Spells: 1/1 levels left

rFire   . . .        a - +0 shortbow
rCold   . . .        (shield currently unavailable)
rNeg    . . .        c - +0 leather armour
rPois   .            (helmet restricted)
rElec   .            (no cloak)
rCorr   .            (no gloves)
SInv    .            (no boots)
Will    .....        (no amulet)
Stlth   +            (no ring)
HPRegen 0.24/turn    (no ring)
MPRegen 0.07/turn

%: no passive effects
@: no status effects
A: horns 2, retaliatory headbutt
a: no special abilities


You were on level 1 of the Dungeon.
You visited 1 branch of the dungeon, and saw 1 of its levels.

You collected 40 gold pieces.

Inventory:

Hand Weapons
 a - a +0 shortbow (weapon)
Missiles
 d - 13 stones
 f - 4 poisoned darts
Armour
 c - a +0 leather armour (worn)
Scrolls
 b - 2 scrolls of immolation


   Skills:
 + Level 2.7 Fighting
 + Level 4.5 Ranged Weapons
 + Level 2.4 Dodging
 + Level 1.1 Stealth


You had one spell level left.
You didn't know any spells.
Your spell library was empty.

Dungeon Overview and Level Annotations

Branches:
Dungeon (1/15)

Altars:


Innate Abilities, Weirdness & Mutations

You have a pair of horns on your head.
You reflexively headbutt those who attack you in melee.


Message History

You kill the goblin!
You now have 30 gold pieces (gained 16).
You see here a bat corpse.
g - a scroll labelled BIG GICWEMEAXERROO You enter the shallow water.
Moving in this stuff is going to be slow.
A goblin comes into view. It is wielding a +1 antimagic dagger.
You shoot an arrow.
The arrow hits the goblin but does no damage.
The goblin shouts!
The goblin hits you with a +1 antimagic dagger.
A goblin is nearby!
You shoot an arrow. The arrow hits the goblin.
You kill the goblin!
You have reached level 2!
No target in view!
Things that are here:
a +1 antimagic dagger; a goblin corpse You now have 40 gold pieces (gained 10).
Found a stone staircase leading down.
No target in view!
d - 13 stones (gained 6)
A gnoll, a frilled lizard and an endoplasm come into view.
Found a scroll labelled LOCVUR QOCU and a pair of boots.
You shoot an arrow. The arrow hits the endoplasm.
The endoplasm quivers.
The endoplasm is lightly wounded.
The gnoll shouts!
The gnoll hits you from afar with a +0 spear!
The endoplasm closely misses you. You furiously retaliate!
You headbutt the endoplasm.
There are monsters nearby!
You shoot an arrow. The frilled lizard hisses angrily.
The arrow hits the endoplasm.
You kill the endoplasm!
You hear a shout!
A hobgoblin comes into view.
The gnoll barely misses you.
There are monsters nearby!
You shoot an arrow. The arrow barely misses the gnoll.
The gnoll hits you from afar with a +0 spear.
There are monsters nearby!
You are too injured to fight recklessly!
There are monsters nearby!
You are too injured to fight recklessly!
There are monsters nearby!
You are too injured to fight recklessly!
There are monsters nearby!
As you read the scroll labelled GIOWEF HEUGERR, it crumbles to dust.
It is a scroll of identify.
g - a scroll of acquirement The gnoll hits you from afar with a +0 spear.
Fire: a) +0 shortbow
Press: ? - help, Q - select action, (/) - cycle Shift-Dir - straight line, f/p - gnoll
Aim: a gnoll, wielding a +0 spear (64% to hit)
You shoot an arrow. The arrow hits the gnoll.
The gnoll is lightly wounded.
The gnoll barely misses you.
The frilled lizard bites you but does no damage.
The gnoll hits you from afar with a +0 spear.
Fire: a) +0 shortbow
Press: ? - help, Q - select action, (/) - cycle Shift-Dir - straight line, f/p - gnoll
Aim: a gnoll, wielding a +0 spear (lightly wounded, 64% to hit)
You shoot an arrow.
The arrow closely misses the frilled lizard.
The arrow hits the gnoll.
The gnoll is moderately wounded.
The gnoll hits you from afar with a +0 spear!
* * * LOW HITPOINT WARNING * * *
The frilled lizard bites you.
* * * LOW HITPOINT WARNING * * *
Fire: a) +0 shortbow
Press: ? - help, Q - select action, (/) - cycle Shift-Dir - straight line, f/p - gnoll
Aim: a gnoll, wielding a +0 spear (moderately wounded, 64% to hit)
Okay, then.
The frilled lizard attacks as you move away!
The frilled lizard bites you but does no damage.
The frilled lizard attacks as you move away!
The frilled lizard closely misses you.
The frilled lizard attacks as you move away!
The frilled lizard barely misses you.
The frilled lizard attacks as you move away!
The frilled lizard bites you.
* * * LOW HITPOINT WARNING * * *
The frilled lizard attacks as you move away!
The frilled lizard bites you.
* * * LOW HITPOINT WARNING * * *
The frilled lizard barely misses you. The frilled lizard barely misses you.
You furiously retaliate!
You headbutt the frilled lizard, but do no damage.
The frilled lizard barely misses you. The hobgoblin attacks as you move away!
The hobgoblin hits you.
* * * LOW HITPOINT WARNING * * *
The frilled lizard bites you.
* * * LOW HITPOINT WARNING * * *
Something appears at your feet! The frilled lizard closely misses you.
The frilled lizard attacks as you move away!
The frilled lizard bites you.
You die...

#.....#...... .. ..
#............ .. .
#............ ###.###.
## #.#..#..#.###
#.......# ......
#..#.#
#.....##.#.######..#.#
...... ...........#.#
#.#.#####.##..#..#.. #
#...l@........#..###
##.###g#######.###....
#.......#.#....#
##.###
#..##.gg#.#.#### .#
#.....#.#.#.# .#
##...#....#.# .#
........#.#.#
###......#.#.# ##
#......#.#.# ...


You could see a hobgoblin and a frilled lizard.

Vanquished Creatures
  A bat (D:1)
  An endoplasm (D:1)
  2 giant cockroaches (D:1)
  2 goblins (D:1)
  3 frilled lizards (D:1)
9 creatures vanquished.

Notes
Turn   | Place    | Note
-------+----------+-------------------------------------------
     0 | D:1      | Darkkill the Minotaur Hunter began the quest for the Orb.
     0 | D:1      | Reached XP level 1. HP: 18/18 MP: 0/0
    91 | D:1      | Reached skill level 1 in Stealth
   117 | D:1      | Reached XP level 2. HP: 23/25 MP: 1/1
   225 | D:1      | Identified a scroll of acquirement
   227 | D:1      | HP: 4/25 [gnoll/+0 spear (7)]
   234 | D:1      | HP: 4/25 [frilled lizard (1)]
   235 | D:1      | HP: 1/25 [frilled lizard (3)]
   243 | D:1      | HP: 1/25 [hobgoblin (2)]
   245 | D:1      | Acquired 1138 gold pieces
   247 | D:1      | Slain by a frilled lizard

Illustrated notes

Levels and vault maps discovered:
D:1:      lightli_arrival_noodles, layout_basic, serial_bayou_pond_a,
          roderic_lattice_a

Skill      XL: |  1 |
---------------+----+-----
Stealth        | 1 |  1.1
Fighting       | |  2.7
Ranged Weapons | |  4.5
Dodging        | |  2.4

Action                     || total
---------------------------++-------
   Fire: Shortbow          ||    20
    Use: Scroll            ||     2
 Armour: Leather armour    ||     3
  Dodge: Dodged            ||    11

Table legend: (Time is in decaauts)
 A = Elapsed time spent in this place.
 B = Non-inter-level travel time spent in this place.
 C = Inter-level travel time spent in this place.
 D = Time resting spent in this place.
 E = Time spent auto-exploring this place.
 F = Levels seen in this place.
 G = Mean time per level.
                   A        B        C        D        E       F      G
               +--------+--------+--------+--------+--------+-----+--------+
         Total |    254 |    254 |      0 |      0 |    194 |   1 |  254.0 |
       Dungeon |    254 |    254 |      0 |      0 |    194 |   1 |  254.0 |
               +--------+--------+--------+--------+--------+-----+--------+

Top non-repeatable levels by time:
     D:1: 254 daAuts

Levels and vault maps discovered:
D:1:      lightli_arrival_noodles, layout_basic, serial_bayou_pond_a,
          roderic_lattice_a

Table legend: (Time is in decaauts)
 A = Elapsed time spent in this place.
 B = Non-inter-level travel time spent in this place.
 C = Inter-level travel time spent in this place.
 D = Time resting spent in this place.
 E = Time spent auto-exploring this place.
 F = Levels seen in this place.
 G = Mean time per level.
                   A        B        C        D        E       F      G
               +--------+--------+--------+--------+--------+-----+--------+
         Total |    254 |    254 |      0 |      0 |    194 |   1 |  254.0 |
       Dungeon |    254 |    254 |      0 |      0 |    194 |   1 |  254.0 |
               +--------+--------+--------+--------+--------+-----+--------+

Top non-repeatable levels by time:
     D:1: 254 daAuts

Table legend:
 A = Kills in this place as a percentage of kills in the entire game.
 B = Kills by you in this place as a percentage of kills by you in the entire game.
 C = Kills by friends in this place as a percentage of kills by friends in the entire game.
 D = Other kills in this place as a percentage of other kills in the entire game.
 E = Experience gained in this place as a percentage of experience gained in the entire game.
 F = Experience gained in this place divided by the number of levels of this place that you have seen.
                   A       B       C       D       E      F
               +-------+-------+-------+-------+-------+----------------------
         Total | 100.0 | 100.0 |   N/A |   N/A | 100.0 |  15.0
       Dungeon | 100.0 | 100.0 |   N/A |   N/A | 100.0 |  15.0
               +-------+-------+-------+-------+-------+----------------------
